 Dungeon Crawl Stone Soup version 0.20-a0-517-g5f97612 (webtiles) character file.

6 Amnesiac the Vexing (level 1, -10/13 HPs)
             Began as a Mummy Enchanter on Jan 24, 2017.
             Mangled by Sigmund
             ... wielding a +0 scythe
              (11 damage)
             ... on level 3 of the Dungeon.
             The game lasted 00:00:51 (446 turns).

Amnesiac the Vexing (Mummy Enchanter)                Turns: 446, Time: 00:00:52

Health: -10/13     AC:  2    Str: 11    XL:     1   Next: 75%
Magic:  4/4        EV: 12    Int: 14    God:
Gold:   27         SH:  0    Dex: 12    Spells: 4/5 levels left

rFire    x . .     SeeInvis .   a - +1 dagger
rCold    + . .     Gourm    .   b - +0 robe
rNeg     + + +     Faith    .   (no shield)
rPois    ∞         Spirit   .   (no helmet)
rElec    .         Reflect  .   (no cloak)
rCorr    .         Harm     .   (no gloves)
MR       .....                  (no boots)
Stlth    +++.......             (no amulet)
Regen    0.1/turn               (no ring)
                                d - ring of stealth

@: no status effects
A: no food or potions, fire vulnerability, cold resistance 1, negative energy
resistance 3, torment resistance, unbreathing
a: no special abilities


You were on level 3 of the Dungeon.
You were not hungry.

You visited 1 branch of the dungeon, and saw 3 of its levels.

You collected 27 gold pieces.

Inventory:

Hand Weapons
 a - a +1 dagger (weapon)
Armour
 b - a +0 robe (worn)
Jewellery
 d - a ring of stealth (left hand)
Scrolls
 e - a scroll of enchant armour {unknown}
 f - a scroll of identify
 g - a scroll of amnesia
Books
 c - a book of Maledictions

   Spells                             Type                      Level
   a - Corona                         Hexes                        1
   b - Ensorcelled Hibernation        Hexes/Ice                    2
   c - Confuse                        Hexes                        3
   d - Tukima's Dance                 Hexes                        3
   e - Dazzling Spray                 Conjuration/Hexes            3


   Skills:
 - Level 1.0 Short Blades
 - Level 1.5 Dodging
 - Level 2.4 Stealth
 + Level 2.6 Spellcasting
 - Level 3.0 Hexes


You had 4 spell levels left.
You knew the following spells:

 Your Spells              Type           Power        Failure   Level  Hunger
f - Corona                Hex            ##.....      10%         1    N/A

Dungeon Overview and Level Annotations

Branches:
Dungeon (3/15)

Altars:

Annotations:
D:3 Sigmund


Innate Abilities, Weirdness & Mutations

You do not eat or drink.
Your flesh is vulnerable to fire.
You are immune to poison.
Your flesh is cold resistant. (rC+)
You are immune to negative energy. (rN+++)
You are immune to unholy pain and torment.
You can survive without breathing.


Message History

* * * LOW HITPOINT WARNING * * *
You see here a tomahawk.
Sigmund the Dreaded comes into view.
He is wielding a scythe.
Sigmund shouts!
Sigmund closely misses you. Sigmund closely misses you.
A kobold comes into view.
The kobold shouts!
The kobold throws a stone.
The stone completely misses you.
You see here a stone.
As you read the scroll labeled IMPUKY RAWENA, it crumbles to dust.
It is a scroll of identify.
g - a scroll of amnesia The kobold throws a stone.
The stone hits you.
* * * LOW HITPOINT WARNING * * *
Sigmund breathes a few words.
Sigmund's hands start flickering wildly.
Sigmund hits you from afar with a scythe!
Ouch! That really hurt!
You die...

#...#.....(.##(##..
#.....#####.##.##
#.....#####(##..#..
#...#.......(......
#..o####...........
#...# #...........
##@## #...........
#.# #...........
#@# #...K.....##
#.# #.......... #.#
#..........# #.#
#.# #.# #.# #K#


You could see Sigmund, an orc and a kobold.

Vanquished Creatures
  A leopard gecko (D:1)
  A giant cockroach (D:2)
  A quokka (D:3)
  2 rats (D:1)
5 creatures vanquished.

Notes
Turn   | Place    | Note
-------+----------+-------------------------------------------
     0 | D:1      | Amnesiac the Mummy Enchanter began the quest for the Orb.
     0 | D:1      | Reached XP level 1. HP: 13/13 MP: 4/4
    74 | D:1      | Reached skill level 1 in Short Blades
   425 | D:3      | Reached skill level 3 in Hexes
   437 | D:3      | Noticed Sigmund
   446 | D:3      | Mangled by Sigmund

Vault maps used:
D:1:      minmay_arrival_semitransparent
D:2:      first_bread, grunt_dithmenos_smoke, uniq_jessica
D:3:      overflow_temple_1_default, uniq_crazy_yiuf_cottage, uniq_sigmund

Skill      XL: |  1 |
---------------+----+-----
Short Blades   | 1 |  1.0
Hexes          | 3 |  3.0
Dodging        | |  1.5
Stealth        | |  2.4
Spellcasting   | |  2.6

Action                   || total
-------------------------++-------
Melee: Dagger            ||    11
 Cast: Corona            ||     2
  Use: Scroll            ||     1
 Stab: Sleeping          ||     2
Armor: Robe              ||     1
Dodge: Dodged            ||    10
